Map: Blackburn LE

Players

LiquidClem (Clem) - Winner!

  • Race: Terran Terran

Solar

  • Race: Zerg Zerg

Event: ASUS ROG Fall 2021

VOD

Have the link to the VOD?

Description

Time

  • Played on: Sept. 17, 2021, 11:06 a.m.
  • Length: 9:22

All games in this series

Show
View Real Time Build Order
Export as new Build Order

LiquidClem Terran - Winner!

Build Orders: Reaper Expand, Hellion Banshee 

Get SALT Encoding   

  12  0:00  SCV  
  13  0:12  SCV  
  14  0:17  Supply Depot  
  14  0:24  SCV  
  15  0:38  SCV  
  15  0:40  Barracks  
  16  0:43  Refinery  
  16  0:50  SCV  
  17  1:02  SCV  
  18  1:15  SCV  
  19  1:27  Reaper, Orbital Command  
  20  1:39  Command Center  
  20  1:48  Supply Depot  
  20  1:52  SCV  
  21  1:59  Reaper  
  22  2:03  Engineering Bay  
  22  2:07  SCV  
  23  2:19  SCV  
  23  2:20  Factory  
  24  2:31  Refinery, SCV  
  25  2:39  Barracks Reactor  
  25  2:43  SCV  
  26  2:55  SCV  
  28  3:02  Orbital Command  
  27  3:07  SCV, Starport  
  28  3:19  SCV  
  33  3:20  Hellion x2  
  33  3:21  Barracks Tech Lab  
  33  3:27  Supply Depot  
  33  3:29  SCV  
  33  3:31  SCV  
  35  3:41  SCV, Hellion x2  
  40  3:44  SCV  
  41  3:53  SCV  
  41  3:55  Banshee, Cloaking Field  
  45  3:56  SCV  
  45  3:58  Barracks Tech Lab  
  45  3:59  Supply Depot  
  45  4:01  Supply Depot  
  46  4:03  Hellion  
  46  4:05  SCV, Hellion  
  46  4:08  SCV  
  52  4:17  Marine, SCV  
  52  4:19  Stimpack  
  52  4:23  SCV  
  52  4:24  Supply Depot  
  55  4:27  Hellion x2  
  55  4:29  SCV  
  60  4:35  SCV  
  61  4:39  Command Center  
  61  4:45  Banshee  
  64  4:48  SCV x2  
  64  4:52  Hellion  
  66  4:55  Hellion  
  64  5:00  SCV  
  64  5:05  SCV  
  66  5:07  Barracks x2  
  66  5:09  Marine  
  66  5:11  Refinery x2  
  67  5:16  Supply Depot  
  67  5:17  SCV  
  68  5:27  Marine, SCV, Engineering Bay x2  
  70  5:31  SCV  
  70  5:32  Factory Reactor  
  69  5:40  SCV  
  69  5:41  Barracks x2  
  69  5:42  Starport Reactor  
  70  5:43  SCV  
  70  5:44  Marine  
  72  5:52  Siege Tank  
  72  5:54  SCV  
  74  5:59  Barracks Reactor  
  74  6:01  Orbital Command  
  74  6:02  Marine, Terran Infantry Weapons Level 1  
  74  6:04  Terran Infantry Armor Level 1  
  73  6:06  SCV x2  
  73  6:08  Marine  
  73  6:09  Marine  
  77  6:15  Combat Shield  
  77  6:19  Supply Depot  
  77  6:20  Marine, Medivac  
  77  6:24  Orbital Command  
  80  6:25  Medivac  
  80  6:26  Marine  
  80  6:28  Siege Tank  
  80  6:30  SCV  
  87  6:34  Marine  
  87  6:38  Marine  
  87  6:39  Barracks Reactor  
  87  6:40  Barracks Reactor  
  87  6:41  Marine x2, SCV  
  87  6:44  Marine  
  90  6:50  SCV  
  90  6:51  Supply Depot, SCV  
  90  6:52  Marine  
  88  6:56  Marine  
  88  6:58  Marine  
  88  6:59  Marine  
  88  7:00  SCV  
  92  7:02  Marine, SCV  
  92  7:04  Supply Depot  
  92  7:05  Supply Depot, SCV  
  92  7:06  Siege Tank  
  98  7:10  Marine  
  98  7:12  Medivac x2  
  98  7:14  Marine  
  104  7:15  Supply Depot  
  104  7:16  Marine x2  
  104  7:18  Marine x3  
  104  7:22  Marine, SCV  
  109  7:25  Marine  
  109  7:28  Marine  
  106  7:31  Marine, SCV  
  106  7:34  Marine x2  
  106  7:35  Marine  
  106  7:36  Marine x2  
  100  7:39  Marine, Barracks  
  100  7:40  Barracks  
  100  7:41  Barracks  
  100  7:43  Marine  
  102  7:44  Siege Tank  
  102  7:46  Marine  
  102  7:48  Supply Depot  
  102  7:49  Marine, Supply Depot  
  104  7:52  Marine x2  
  104  7:53  Marine x2  
  104  7:58  Marine  
  109  8:00  Armory  
  109  8:07  Marine  
  109  8:08  Marine, Liberator x2  
  109  8:11  Marine  
  109  8:12  SCV x2  
  120  8:13  SCV  
  120  8:14  Marine  
  120  8:16  Marine  
  120  8:18  Marine x2  
  120  8:19  Marine  
  126  8:20  Marine  
  126  8:25  Marine x2  
  129  8:31  Marine  
  129  8:34  Siege Tank  
  128  8:35  Marine x2  
  128  8:37  Barracks Reactor, Barracks Tech Lab x2  
  128  8:39  Marine  
  126  8:42  Marine x2  
  126  8:47  Marine x2  
  126  8:48  Supply Depot, Marauder  
  132  8:51  Command Center  
  132  8:54  Marine x2  
  134  8:57  Marine  
  134  8:58  Marine  
  134  9:02  Marine  
  126  9:04  Marine  
Show
View Real Time Build Order
Export as new Build Order

Solar Zerg 

Build Orders: Hatch First 

Get SALT Encoding   

  12  0:00  Drone  
  13  0:13  Overlord  
  13  0:17  Drone  
  14  0:32  Drone x2  
  16  0:49  Hatchery  
  15  0:52  Drone  
  15  0:55  Drone  
  17  0:58  Drone  
  18  1:10  Extractor  
  17  1:14  Spawning Pool  
  17  1:17  Drone  
  17  1:21  Drone  
  18  1:29  Drone  
  19  1:40  Drone  
  20  1:52  Drone  
  21  2:02  Queen x2  
  21  2:03  Zergling x4  
  27  2:12  Overlord  
  27  2:13  Drone  
  28  2:28  Drone  
  28  2:29  Metabolic Boost  
  28  2:31  Drone  
  28  2:33  Drone x2  
  31  2:38  Queen  
  33  2:48  Drone, Overlord  
  34  2:57  Drone x2  
  36  3:11  Zergling x4  
  36  3:12  Drone x3  
  41  3:22  Overlord, Pneumatized Carapace  
  41  3:26  Drone  
  42  3:28  Drone  
  42  3:30  Drone  
  44  3:40  Overlord  
  44  3:42  Zergling x2  
  44  3:45  Queen  
  44  3:48  Zergling x2  
  48  3:49  Drone x2  
  48  3:54  Drone  
  51  3:56  Hatchery, Overlord  
  51  3:58  Drone x2  
  51  4:01  Zergling x2  
  53  4:04  Overlord  
  53  4:05  Queen  
  53  4:08  Drone  
  56  4:15  Drone  
  57  4:18  Drone  
  57  4:22  Queen  
  60  4:25  Drone x3  
  60  4:30  Overlord  
  61  4:31  Zergling x6  
  64  4:39  Drone  
  64  4:41  Drone  
  64  4:43  Lair  
  65  4:50  Drone  
  64  4:53  Drone  
  64  4:55  Drone x3  
  64  4:58  Queen  
  65  5:00  Drone  
  65  5:02  Drone x2  
  65  5:03  Drone  
  65  5:05  Extractor x2, Spore Crawler  
  65  5:06  Spore Crawler  
  65  5:12  Zergling x6, Queen  
  69  5:17  Drone  
  69  5:20  Drone  
  69  5:21  Baneling Nest  
  67  5:23  Drone  
  64  5:29  Drone  
  64  5:30  Drone  
  64  5:35  Drone x4  
  70  5:39  Drone  
  70  5:41  Drone  
  72  5:43  Overseer  
  72  5:44  Queen x2  
  72  5:46  Zergling x2  
  72  5:49  Zergling x2  
  72  5:51  Queen  
  72  5:52  Zergling x2  
  68  5:58  Zergling x2  
  68  6:01  Zergling x2  
  68  6:02  Drone  
  68  6:04  Drone  
  68  6:05  Drone x2  
  68  6:06  Drone x2  
  68  6:07  Drone  
  68  6:09  Drone  
  74  6:13  Drone x2  
  74  6:14  Evolution Chamber x2  
  74  6:19  Drone  
  74  6:22  Drone  
  74  6:23  Zergling x6  
  78  6:27  Drone  
  78  6:30  Spore Crawler  
  78  6:32  Overlord  
  77  6:33  Drone  
  77  6:34  Queen  
  77  6:37  Drone  
  79  6:41  Drone, Overlord  
  79  6:44  Drone  
  83  6:48  Drone  
  83  6:49  Centrifical Hooks  
  83  6:52  Zerg Melee Weapons Level 1, Zerg Ground Armor Level 1, Drone x4  
  83  6:53  Drone  
  87  6:58  Extractor  
  87  7:00  Zergling x8  
  90  7:03  Overlord  
  90  7:04  Zergling x4  
  92  7:12  Baneling  
  92  7:13  Baneling x5, Hatchery  
  92  7:14  Baneling  
  91  7:16  Zergling x2  
  91  7:17  Zergling x2, Baneling x2  
  91  7:18  Baneling  
  91  7:21  Zergling x4  
  95  7:26  Zergling x4  
  95  7:27  Queen  
  95  7:32  Zergling x8  
  95  7:35  Zergling x6  
  95  7:36  Zergling x2  
  94  7:40  Zergling x4  
  94  7:42  Queen  
  97  7:48  Overlord x2  
  97  7:50  Baneling x2  
  97  7:51  Baneling x6  
  97  7:52  Overlord  
  97  7:53  Overlord  
  97  7:56  Extractor, Drone  
  97  7:59  Overlord  
  97  8:00  Overlord  
  97  8:07  Drone x2  
  97  8:09  Zergling x2  
  97  8:10  Baneling x3  
  97  8:11  Baneling  
  100  8:14  Zergling x4  
  100  8:18  Baneling x4  
  100  8:19  Zergling x2  
  101  8:24  Zergling x8  
  100  8:27  Zergling x2  
  100  8:31  Zergling x4  
  95  8:34  Zergling x2  
  95  8:37  Zergling x8  
  95  8:38  Queen x3  
  95  8:41  Zergling x4  
  102  8:47  Drone x2  
  106  8:51  Drone x2  
  108  8:56  Drone, Hatchery  
  108  8:59  Overseer  
  108  9:01  Zergling x2  
  108  9:02  Zergling x4  
  101  9:08  Infestation Pit  
  98  9:11  Hydralisk Den  
Tags
 
Add a new tag
Caveats
  • Supply blocks, unpowered buildings, or Contaminate may cause inaccurate times.
  • Supply counts are checked every 10 seconds.